[Event "Continental-ch Women America 2017"]
[Site "Villa Martelli"]
[Date "2017.09.05"]
[Round "1.9"]
[White "Aliaga Fernandez, Ingrid Y"]
[Black "Ocampo, Derly Gineth"]
[Result "1-0"]
[ECO "C44"]
[WhiteElo "2182"]
[BlackElo "1821"]
[Annotator "RC"]
[PlyCount "35"]
[EventDate "2017.??.??"]
[EventType "swiss"]
[EventCountry "ARG"]
[SourceTitle "playchess.com"]
[Source "ChessBase"]
[SourceQuality "1"]
[TimeControl "40/5400+30:1800+30"]

1. e4 e5 2. Nf3 Nc6 3. d4 exd4 4. Nxd4 Qf6 5. Be3 Bc5 6. c3 Nxd4 7. cxd4 Bb6 8. Nc3 c6 9. Qd2 d6 10. Bc4 Be6 11. d5 Bxe3 12. fxe3 cxd5 13. Bb5+ Ke7 14. Nxd5+ Bxd5 15. Qxd5 Rb8 16. Rc1 Kd8 17. Rf1 Qe6 18. Qxe6 1-0

[Event "Continental-ch Women America 2017"]
[Site "Villa Martelli"]
[Date "2017.09.06"]
[Round "2.9"]
[White "Librelato, Kathie Goulart"]
[Black "Jorquera Cabello, Valentina"]
[Result "0-1"]
[ECO "B33"]
[WhiteElo "2085"]
[BlackElo "1977"]
[Annotator "NA RC"]
[PlyCount "80"]
[EventDate "2017.??.??"]
[EventType "swiss"]
[EventCountry "ARG"]
[SourceTitle "playchess.com"]
[Source "ChessBase"]
[SourceQuality "1"]
[TimeControl "40/5400+30:1800+30"]

1. e4 c5 2. Nf3 Nc6 3. d4 cxd4 4. Nxd4 Nf6 5. Nc3 e5 6. Ndb5 d6 7. Bg5 a6 8. Na3 b5 9. Bxf6 gxf6 10. Nd5 Bg7 11. Bd3 Ne7 12. Nxe7 Qxe7 13. c4 O-O 14. O-O f5 15. Qf3 bxc4 16. Nxc4 d5 17. exd5 e4 18. Qe3 Bb7 19. d6 Qh4 20. Bc2 Rac8 21. Bb3 f4 22. Qh3 Qf6 23. Nb6 Qxd6 24. Nxc8 Bxc8 25. Qh5 Bxb2 26. Rad1 Qg6 27. Qh4 Bg4 28. f3 exf3 29. Rd5 h6 30. Qf2 Bg7 31. Kh1 fxg2+ 32. Qxg2 f3 33. Qc2 Qf6 34. Qe4 Qh4 35. Bc2 Rc8 36. Bd3 Qh3 37. Rg1 f2 38. Qxg4 fxg1=Q+ 39. Qxg1 Qf3+ 40. Qg2 Rc1+ 0-1

[Event "Continental-ch Women America 2017"]
[Site "Villa Martelli"]
[Date "2017.09.08"]
[Round "4"]
[White "Cosme Contreras, Trilce"]
[Black "Carraro, Denise"]
[Result "1-0"]
[ECO "A25"]
[WhiteElo "1872"]
[BlackElo "2071"]
[Annotator "NA RC"]
[PlyCount "93"]
[EventDate "2017.??.??"]
[EventType "swiss"]
[EventCountry "ARG"]
[SourceTitle "playchess.com"]
[Source "ChessBase"]
[SourceQuality "1"]
[TimeControl "40/5400+30:1800+30"]

1. c4 e5 2. Nc3 Nc6 3. g3 g6 4. Bg2 Bg7 5. Rb1 d6 6. d3 f5 7. e3 Nf6 8. Nge2 O-O 9. O-O Be6 {[%emt 0:06:26] LiveBook: 68 Games} 10. b4 {[%emt 0:10:10] A25: English Opening vs King's Indian with ...Nc6 but without early d3} (10. Nd5 Rb8 11. b3 Ne7 12. Nxf6+ Bxf6 13. d4 Qe8 14. f4 Qf7 15. e4 exf4 16. Nxf4 fxe4 17. Nxe6 Qxe6 18. d5 Qe5 19. Re1 Qd4+ 20. Be3 Qxd1 21. Rbxd1 Nf5 22. Bf2 e3 23. Bxe3 Nxe3 24. Rxe3 Rbe8 25. Rxe8 {½-½ (25) Klekowski,M (2467)-Sanikidze,T (2520) Ordu 2017}) 10... Rb8 11. b5 Ne7 12. Ba3 g5 13. f4 gxf4 $146 ({Predecessor:} 13... Ng4 14. Qd2 gxf4 15. gxf4 Rf7 16. h3 Nh6 17. Rf3 Ng6 {0-1 (55) Gschwendtner,S (2260)-Kreiser,U Klatovy 1996}) 14. exf4 b6 15. Qb3 Rf7 16. Rbe1 Ng6 17. Nd1 d5 18. c5 bxc5 19. fxe5 Nd7 20. d4 c6 21. dxc5 Rxb5 22. Qc2 (22. Qe3 $11 Bxe5 23. Nd4) 22... Bxe5 23. Ndc3 Rb8 24. Qa4 Qc7 ({Black should try} 24... Ndf8 $17 25. Nd4 Bxd4+ 26. Qxd4 Qa5) 25. Nd4 Bxd4+ 26. Qxd4 Nde5 27. Nd1 Re8 28. Bb2 Bc8 29. h4 h5 30. Kh1 Rfe7 31. Nf2 Ba6 32. Rg1 Ng4 33. Rxe7 Qxe7 34. Nxg4 fxg4 35. Kh2 Qe5 36. Qf2 Qe6 37. Rd1 Ne5 38. Qf4 Nf3+ 39. Bxf3 Qg6 40. Bg2 Re2 41. Rd2 $18 Re8 42. Rf2 Bc4 43. Qd4 Kh7 44. Rf6 Qg7 45. Qf4 Re7 46. Qf5+ Kg8 47. Rg6 1-0

[Event "Continental-ch Women America 2017"]
[Site "Villa Martelli"]
[Date "2017.09.11"]
[Round "6"]
[White "Jorquera Cabello, Valentina"]
[Black "Carraro, Denise"]
[Result "1/2-1/2"]
[ECO "C00"]
[WhiteElo "1977"]
[BlackElo "2071"]
[Annotator "NA RC"]
[PlyCount "57"]
[EventDate "2017.??.??"]
[EventType "swiss"]
[EventCountry "ARG"]
[SourceTitle "playchess.com"]
[Source "ChessBase"]
[SourceQuality "1"]
[TimeControl "40/5400+30:1800+30"]

1. e4 e6 2. d3 c5 3. g3 Nc6 4. Bg2 g6 5. Nf3 Bg7 6. O-O Nge7 7. Re1 O-O 8. c3 d6 9. Nbd2 b5 10. Nf1 b4 11. d4 {[%emt 0:05:22] A04: Unusual lines after 1 Nf3 and King's Indian Attack} cxd4 (11... bxc3 12. bxc3 cxd4 13. cxd4 Ba6 14. Bg5 h6 15. Be3 Rc8 16. Rb1 Qa5 17. a4 Rb8 18. Qd2 Rxb1 19. Rxb1 Bxf1 20. Qxa5 Bxg2 {0-1 (32) Szczepkowska,K (2339)-Macieja,B (2612) Wroclaw 2011}) 12. cxd4 d5 13. e5 f6 14. Bf4 fxe5 $146 ({Predecessor:} 14... Qb6 15. exf6 Bxf6 16. Bd6 Nxd4 17. Bxe7 Nxf3+ 18. Bxf3 Bxe7 {0-1 (44) Rodriguez Vila,A-Roselli Mailhe,B Piriapolis 1987}) 15. dxe5 Bd7 16. h4 Nf5 17. Qd2 b3 18. axb3 Qb6 19. Ne3 Qb4 20. Qd1 Nxe3 21. Rxe3 Rab8 22. Ra4 Qb6 23. Nd4 Rbc8 24. Nxc6 Rxc6 25. Ra1 Rfc8 26. Rd3 a6 27. Be3 Qb7 28. Bd4 R6c7 $18 (28... Qc7 $16 {was called for.}) 29. Bc3 1/2-1/2

[Event "Continental-ch Women America 2017"]
[Site "Villa Martelli"]
[Date "2017.09.12"]
[Round "7"]
[White "Carraro, Denise"]
[Black "Cordero, Daniela"]
[Result "1-0"]
[ECO "C11"]
[WhiteElo "2071"]
[BlackElo "2005"]
[Annotator "NA RC"]
[PlyCount "115"]
[EventDate "2017.??.??"]
[EventType "swiss"]
[EventCountry "ARG"]
[SourceTitle "playchess.com"]
[Source "ChessBase"]
[SourceQuality "1"]
[TimeControl "40/5400+30:1800+30"]

1. e4 e6 2. d4 d5 3. Nc3 Nf6 4. e5 Nfd7 5. f4 c5 6. Nf3 Nc6 7. Be3 a6 8. Qd2 b5 9. a3 Qb6 10. Nd1 {[%emt 0:06:29] LiveBook: 3 Games} cxd4 11. Nxd4 Nxd4 12. Bxd4 Bc5 13. c3 a5 14. Be2 (14. Qf2 $5) 14... O-O 15. O-O Bb7 16. Nf2 b4 17. Qe3 bxc3 18. bxc3 Qc6 19. Nd3 Be7 20. f5 exf5 21. Rxf5 Ba6 22. Raf1 Nc5 23. Bxc5 Bxc5 24. Qxc5 Qxc5+ 25. Nxc5 Bxe2 26. R1f2 Rac8 27. Nd7 Bg4 28. Nxf8 Bxf5 29. Rxf5 Rxf8 30. Rf4 Rc8 31. Rd4 Kf8 32. Rxd5 a4 33. Ra5 Rc4 34. Kf2 Ke7 35. Ra6 h6 36. Ke2 Rxc3 37. Rxa4 Rc5 38. Kd3 Ke6 39. Re4 Kd5 40. a4 Rc1 41. Rf4 Ra1 42. Rxf7 Rxa4 43. Rxg7 Kxe5 44. Rg6 Ra2 45. h4 Kf5 46. h5 Rb2 47. Ke3 $1 Rb3+ 48. Kf2 Rb2+ 49. Kg3 Rb1 $1 50. Kh2 Rb4 $2 {[%emt 0:05:30] [#]} (50... Ra1 $11) 51. Kh3 $1 Rb3+ 52. Kh4 Rb1 53. g4+ Kf4 54. Rf6+ Ke5 55. Rxh6 Kf4 56. Rf6+ Ke5 57. Kg5 Rg1 58. Rf5+ 1-0

[Event "Continental-ch Women America 2017"]
[Site "Villa Martelli"]
[Date "2017.09.12"]
[Round "7"]
[White "Abarca Gonzalez, Damaris"]
[Black "Jorquera Cabello, Valentina"]
[Result "1/2-1/2"]
[ECO "B23"]
[WhiteElo "2019"]
[BlackElo "1977"]
[Annotator "NA RC"]
[PlyCount "105"]
[EventDate "2017.??.??"]
[EventType "swiss"]
[EventCountry "ARG"]
[SourceTitle "playchess.com"]
[Source "ChessBase"]
[SourceQuality "1"]
[TimeControl "40/5400+30:1800+30"]

1. e4 c5 2. Nc3 Nc6 3. f4 g6 4. Nf3 Bg7 5. d3 d6 6. Be3 Nd4 {[%emt 0:00:29] B23: Closed Sicilian: Lines without g3} (6... Nf6 7. Qd2 O-O 8. Be2 Rb8 9. a4 a6 10. h3 b5 11. axb5 axb5 12. O-O b4 13. Nd1 Nh5 14. Kh2 {0-1 (83) Escobar Forero,A (2481)-Arenas Vanegas,D (2421) Quibdo 2015}) 7. Qd2 h5 $146 ({Predecessor:} 7... Bg4 8. Be2 Nxe2 9. Nxe2 Bxf3 10. gxf3 Bxb2 11. Rb1 Bg7 12. Rxb7 Qc8 13. Rb1 Nf6 14. O-O {½-½ (23) Manukovsky,V (2227)-Klimentov,R (2246) Voronezh 2009}) 8. a3 (8. Be2 $5) 8... b6 9. Bxd4 cxd4 10. Nb5 Nh6 11. Nbxd4 O-O 12. c3 (12. h3 $16) 12... f5 (12... e5 $11 {bleibt in der Remisbreite.} 13. fxe5 dxe5) 13. Ng5 Bxd4 14. cxd4 e5 15. dxe5 dxe5 16. fxe5 fxe4 (16... Nf7 $16 {was necessary.}) 17. Nxe4 ({White should play} 17. dxe4 $18 Qxd2+ 18. Kxd2) 17... Ng4 18. d4 Bb7 19. Bc4+ Kg7 {[%emt 0:03:54] [#]} (19... Bd5 $16) 20. Ng5 $1 Bd5 {[%emt 0:00:45] [#]} 21. Bxd5 $2 (21. Be2 $1 $18) 21... Qxd5 22. Rc1 Rf2 23. Rc7+ Kg8 $1 24. Qb4 (24. Qc3 $11 {remains equal.} Raf8 25. Rc8 Nxe5 26. dxe5 Qxg2 27. Qc4+ Kh8 28. Rxf8+ Rxf8 29. Rf1 Rxf1+ 30. Qxf1 Qxg5 31. Qf8+ Kh7 32. Qf7+ Kh6 33. Qf8+ Kh7 34. Qf7+ Kh6 35. Qf8+ Kh7) 24... Qa2 25. Qc4+ Qxc4 26. Rxc4 Rxb2 27. h3 Ne3 28. Rc7 Nxg2+ 29. Kd1 Ne3+ 30. Kc1 Ra2 31. Kb1 Rd2 32. Re1 Nf5 33. e6 Rxd4 34. Rd7 Re8 35. Rxa7 Ng7 36. Rb7 Rd6 37. e7 Nf5 38. Kc2 Kg7 39. Rc7 Nd4+ (39... Rxe7 $5 40. Rexe7+ Nxe7 $15) 40. Kb2 Rc6 41. Rd7 Nf5 42. Kb3 $2 {[%emt 0:00:58] [#]} (42. Ne6+ $16 Kh6 43. Nc7 Rxe7 44. Rexe7 Nxe7 45. Rxe7 Kg5 $18) 42... Kf6 43. Nh7+ Kg7 44. Ng5 {[%emt 0:00:06] [#]} Rxe7 $1 $17 45. Rdxe7+ (45. Rexe7+ Nxe7) 45... Nxe7 46. Ne6+ Kf6 47. Nd4 Rd6 48. Kc4 Nf5 49. Nf3 Rc6+ 50. Kb4 Rc2 51. Rf1 (51. a4 $17 {was called for.}) 51... Rb2+ 52. Kc3 Re2 53. Kb4 $17 1/2-1/2

[Event "Continental-ch Women America 2017"]
[Site "Villa Martelli"]
[Date "2017.09.12"]
[Round "7"]
[White "Besso, Guadalupe"]
[Black "Strgacich, Aylen"]
[Result "1-0"]
[ECO "D85"]
[WhiteElo "1994"]
[BlackElo "1897"]
[Annotator "NA RC"]
[PlyCount "60"]
[EventDate "2017.??.??"]
[EventType "swiss"]
[EventCountry "ARG"]
[SourceTitle "playchess.com"]
[Source "ChessBase"]
[SourceQuality "1"]
[TimeControl "40/5400+30:1800+30"]

1. Nf3 Nf6 2. d4 g6 3. c4 Bg7 4. Nc3 d5 5. cxd5 Nxd5 6. e4 Nxc3 7. bxc3 c5 8. Bb5+ Bd7 9. Bxd7+ Qxd7 10. O-O O-O 11. Be3 b6 $146 {D85: Exchange Grünfeld: Unusual White 7th moves and lines with 7 Nf3} ({Predecessor:} 11... cxd4 12. cxd4 Nc6 13. Rb1 b6 14. Qe2 Rac8 15. Rfd1 e6 16. h3 Na5 17. Ne5 Qa4 18. Rd2 Bxe5 19. dxe5 Qxe4 20. Rbd1 Qxe5 21. Qa6 {½-½ (35) Doettling,F (2542)-Ni,H (2614) ICC INT 2006}) 12. Qe2 e6 13. Rfd1 cxd4 14. cxd4 Nc6 15. Rac1 Rac8 16. Rc2 Rfd8 17. Rdc1 Nb4 18. Rc4 Nc6 19. h3 Na5 20. R4c2 Nb7 21. Ne5 Bxe5 22. dxe5 Rxc2 23. Rxc2 Na5 {[%emt 0:05:32] [#]} (23... h5 $11) 24. Bh6 (24. Qf3 $1 $16 Qd1+ 25. Qxd1 Rxd1+ 26. Kh2) 24... Qd4 25. Bg5 Qd1+ 26. Qxd1 Rxd1+ 27. Kh2 Rd4 $18 28. Rc8+ Kg7 29. Bf6+ Kh6 30. g4 {Kg7 Bg5} Rd8 1-0

[Event "Continental-ch Women America 2017"]
[Site "Villa Martelli"]
[Date "2017.09.13"]
[Round "8"]
[White "Amura, Claudia"]
[Black "Cori T, Deysi"]
[Result "1/2-1/2"]
[ECO "A40"]
[WhiteElo "2262"]
[BlackElo "2389"]
[Annotator "RC"]
[PlyCount "59"]
[EventDate "2017.??.??"]
[EventType "swiss"]
[EventCountry "ARG"]
[SourceTitle "playchess.com"]
[Source "ChessBase"]
[SourceQuality "1"]
[TimeControl "40/5400+30:1800+30"]

1. d4 e6 2. Bf4 c5 3. e3 Nf6 4. Nd2 Nc6 5. c3 Be7 6. h3 O-O 7. Ngf3 d6 8. Bd3 e5 9. Bh2 cxd4 10. exd4 exd4 11. Nxd4 Nxd4 12. cxd4 Qb6 13. Nc4 Qb4+ 14. Qd2 Nd5 15. O-O Qxd2 16. Nxd2 Nb4 17. Rae1 Bg5 18. Bxh7+ Kxh7 19. Nf3 Nc2 20. Nxg5+ Kg6 21. Bxd6 Rd8 22. Be7 Re8 23. Re5 Nxd4 24. Re4 Ne6 25. Nxe6 Bxe6 26. Bc5 Bxa2 27. Rg4+ Kh7 28. Ra1 Bd5 29. Bxa7 Re4 30. Ra5 1/2-1/2

[Event "Continental-ch Women America 2017"]
[Site "Villa Martelli"]
[Date "2017.09.13"]
[Round "8"]
[White "Nejanky, Maisa"]
[Black "Cordero, Daniela"]
[Result "0-1"]
[ECO "C12"]
[WhiteElo "2018"]
[BlackElo "2005"]
[Annotator "NA RC"]
[PlyCount "78"]
[EventDate "2017.??.??"]
[EventType "swiss"]
[EventCountry "ARG"]
[SourceTitle "playchess.com"]
[Source "ChessBase"]
[SourceQuality "1"]
[TimeControl "40/5400+30:1800+30"]

1. e4 e6 2. d4 d5 3. Nc3 Nf6 4. Bg5 Bb4 5. e5 h6 6. Bd2 Bxc3 7. bxc3 Ne4 8. Qg4 g6 9. h4 {[%emt 0:01:44] LiveBook: 53 Games} Nxd2 10. Kxd2 c5 {[%emt 0:00:27] C12: French: Classical System: McCutcheon Variation} 11. h5 g5 12. Bd3 (12. f4 $11) 12... Nc6 13. Nf3 (13. f4 Qa5 14. fxg5 cxd4 15. Nf3 Qxc3+ 16. Ke2 Bd7 17. gxh6 O-O-O 18. Qf4 f6 19. Qxf6 Rdf8 {0-1 (49) Sawatzki,F (2366)-Brynell,S (2500) Germany 2013}) 13... c4 14. Be2 f5 15. Qg3 $146 ({Predecessor:} 15. exf6 $1 $15 Qxf6 (15... e5 16. Qg3 exd4 17. cxd4 Qxf6 {½-½ (39) Bianchi,M (2029)-Elburg,J (2330) SEMI email 2003}) 16. Rhf1) 15... Bd7 16. Rab1 b6 17. Nh2 Qe7 18. f4 O-O-O 19. Nf1 Rdg8 20. Ne3 Qa3 21. Qf2 Rf8 ({Don't go for} 21... Qxa2 $2 22. Ra1 $18) 22. g3 $1 $11 {[%emt 0:06:38] remains equal.} Qa5 ({Don't blunder} 22... Qxa2 $2 23. Ra1 $18) 23. Ng2 Qa3 ({But not} 23... Qxa2 $2 24. Ra1 $18) (23... Kb8 $17 24. fxg5 hxg5) 24. Qe3 g4 ({Vergiftet wäre} 24... Qxa2 $2 25. Ra1 $18) 25. Qf2 Kc7 ({But not} 25... Qxa2 $2 26. Ra1 $18) 26. Ne3 Rb8 ({Nicht} 26... Qxa2 $2 27. Ra1 $18) 27. Bxg4 fxg4 28. Nxg4 b5 29. Qe3 a5 (29... Ne7 $142 30. Nh2 Nf5) 30. Nf6 Bc8 ({Wrong is} 30... Qxa2 $2 31. Ra1 $18) 31. f5 (31. g4 $142) 31... Ne7 32. g4 exf5 33. Qf4 (33. g5 $142 hxg5 34. Qxg5) 33... Be6 34. gxf5 Nxf5 35. Rhg1 b4 36. Nxd5+ Bxd5 37. e6+ Nd6 38. Rg7+ Kc6 39. Rd7 Ne4+ 0-1

[Event "Continental-ch Women America 2017"]
[Site "Villa Martelli"]
[Date "2017.09.13"]
[Round "8"]
[White "Besso, Guadalupe"]
[Black "Carraro, Denise"]
[Result "0-1"]
[ECO "A46"]
[WhiteElo "1994"]
[BlackElo "2071"]
[Annotator "NA RC"]
[PlyCount "132"]
[EventDate "2017.??.??"]
[EventType "swiss"]
[EventCountry "ARG"]
[SourceTitle "playchess.com"]
[Source "ChessBase"]
[SourceQuality "1"]
[TimeControl "40/5400+30:1800+30"]

1. d4 e6 2. Nf3 Nf6 3. e3 b6 4. Bd3 Bb7 5. O-O c5 6. c3 Be7 7. Nbd2 O-O 8. Re1 d5 {[%emt 0:08:52] LiveBook: 7 Games} 9. Ne5 Nbd7 10. Nxd7 {[%emt 0:27:41] A47: 1 d4 Nf6 2 Nf3 b6: Torre, London and Colle Systems} Qxd7 11. Nf3 $146 ({Find the theoretical novelty and annotate with similar games:} 11. b3 Qc7 12. Bb2 e5 13. c4 cxd4 14. exd4 e4 15. Bf1 Rfe8 16. Rc1 Bd6 17. h3 Bf4 {0-1 (29) Levit,R (2275)-De Firmian,N (2590) Chicago 1995}) 11... Qc7 12. Bd2 Bd6 13. Rc1 c4 14. Bb1 Ne4 15. Rf1 f5 16. Qe2 b5 17. g3 Rf6 18. Be1 Raf8 19. Nd2 Rh6 20. f4 Nf6 21. Nf3 Bc6 22. Bd2 Be8 23. Qg2 Qe7 24. Ne5 Bh5 25. h3 Bxe5 26. fxe5 Ne4 27. Bxe4 dxe4 28. Rf2 Bf3 29. Rxf3 exf3 30. Qxf3 Rxh3 31. Kg2 Rh6 32. Rf1 g5 33. Qc6 Qe8 34. Qxe8 Rxe8 35. e4 fxe4 36. Bxg5 Rg6 37. Bf6 Rb8 38. a3 a5 39. Rf4 b4 40. axb4 axb4 41. Rxe4 bxc3 42. bxc3 Rb3 43. Re3 Kf7 44. Kf3 Ke8 45. g4 {[%emt 0:07:29] [#]} Kd7 $2 ({Black should play} 45... Rb1 $1 $19 46. Kf4 Rf1+ 47. Rf3 Rxf3+ 48. Kxf3 Rh6) 46. Kf4 $2 (46. d5 $1 $15) 46... Kc6 47. Rh3 {[%emt 0:01:37] [#]} h6 $1 48. Be7 Rb1 49. Bb4 Kd5 50. Ba5 Rf1+ 51. Kg3 Rg1+ 52. Kf3 R1xg4 53. Rxh6 Rg3+ ({Less strong is} 53... Rxh6 54. Kxg4 Ke4 55. Kg5 $17) 54. Kf2 Rg2+ 55. Kf1 Rg1+ 56. Kf2 R6g2+ 57. Kf3 Rg3+ 58. Kf4 Rg4+ 59. Kf3 R1g3+ 60. Kf2 Ke4 61. Rh2 Re3 62. Rh6 Rf3+ 63. Ke1 Rg1+ 64. Ke2 Rg2+ 65. Ke1 Ke3 66. Rh1 Ra2 0-1

[Event "Continental-ch Women America 2017"]
[Site "Villa Martelli"]
[Date "2017.09.13"]
[Round "8"]
[White "Jorquera Cabello, Valentina"]
[Black "Cosme Contreras, Trilce"]
[Result "0-1"]
[ECO "B99"]
[WhiteElo "1977"]
[BlackElo "1872"]
[Annotator "NA RC"]
[PlyCount "134"]
[EventDate "2017.??.??"]
[EventType "swiss"]
[EventCountry "ARG"]
[SourceTitle "playchess.com"]
[Source "ChessBase"]
[SourceQuality "1"]
[TimeControl "40/5400+30:1800+30"]

1. e4 c5 2. Nf3 d6 3. d4 cxd4 4. Nxd4 Nf6 5. Nc3 a6 6. Bg5 e6 7. f4 Be7 8. Qf3 Qc7 9. O-O-O Nbd7 10. g4 b5 11. Bxf6 Nxf6 12. g5 Nd7 13. f5 Bxg5+ 14. Kb1 Ne5 (14... O-O $11 {bleibt in der Remisbreite.}) 15. Qh5 Qd8 (15... Bf6 $14) 16. h4 Bf6 {[%emt 0:08:05] LiveBook: 65 Games B99: Sicilian Najdorf: 6 Bg5 e6 7 f4 Be7 8 Qf3 Qc7 9 0-0-0 Nbd7} 17. Nxe6 $2 (17. fxe6 $16 {is forced if you want to stay better.} O-O 18. Bh3) 17... Bxe6 $2 $146 ({Black should try Find the theoretical novelty and annotate with similar games:} 17... g6 $19 18. Nxd8 gxh5 19. Nxf7 (19. Nc6 Nxc6 20. Rxd6 Bxc3 21. Rxc6 Be5 22. Rc5 f6 23. a4 bxa4 24. Bc4 {0-1 (39) Langheinrich,F (2405)-Boewer,R (2210) Werther 2002}) 19... Kxf7) 18. fxe6 O-O 19. exf7+ Kh8 20. Bh3 Rxf7 21. Nd5 g6 22. Qe2 Bxh4 23. Be6 Rf2 24. Qe3 Qg5 25. Qh3 Nf3 26. Bg4 Nd2+ (26... Ne5 $1 $11) 27. Ka1 Nxe4 28. Qxh4 Qxh4 29. Rxh4 Rxc2 30. Kb1 Rf2 31. Rdh1 Ra7 32. Bd1 Nd2+ 33. Kc1 Nc4 34. Bc2 Ne5 35. Nf4 $2 (35. Rf4 $16 {keeps the pressure on.} Rxf4 36. Nxf4) 35... Rc7 36. Kb1 Rfxc2 37. Nd5 R2c5 38. Nxc7 Rxc7 39. Rd1 Nf7 40. Re4 Kg7 41. Re8 g5 42. Ra8 g4 43. Rxa6 Rc5 44. a4 bxa4 45. Rxa4 h5 46. b4 $1 {[%emt 0:01:55] [#]} Rf5 (46... Rg5 $1 $17 47. Ra5 Ne5) 47. Ra5 Kg6 48. Rxf5 Kxf5 49. Rf1+ Kg6 50. Kc2 g3 $2 (50... h4 $11 51. b5 h3) 51. Kd2 $2 ({White must play} 51. b5 $18) 51... Ne5 (51... Ng5 $5 52. Ra1 h4 $11) 52. Ke2 Kg5 $2 (52... g2 $11 53. Rb1 (53. Rg1 Nc6 $11) 53... Kf6) 53. Rf8 $2 (53. b5 $18) 53... Kg4 54. Rg8+ Kh3 $1 55. Kf1 $2 (55. b5 $11 Nc4 56. Rb8) 55... Kh2 56. b5 h4 (56... Ng4 $142 57. Re8 g2+ 58. Ke2 g1=Q 59. Kd2 Qd4+ 60. Kc1 Ne3 61. Rc8 h4 62. b6 Qxb6 63. Rc3 h3 64. Rd3 Qc6+ 65. Kd2 Nf1+ 66. Kd1 Qa4+ 67. Ke1 Kg2 68. Rd2+ Nxd2 69. Ke2 Nb1 70. Kd3 d5 71. Ke2 Qc2+ 72. Ke3 Qe4#) 57. b6 h3 58. b7 Nd7 59. Rg7 Nb8 60. Rg8 Na6 (60... g2+ $142 61. Ke2 g1=Q 62. Rxb8 Qa7 63. Re8 Qxb7 64. Re3 Kg2 65. Kd3 Qb5+ 66. Kc2 h2 67. Re1 h1=Q 68. Rxh1 Kxh1 69. Kd2 Qc4 70. Kd1 Kg2 71. Ke1 Kf3 72. Kd2 d5 73. Kd1 Ke3 74. Ke1 Qe2#) 61. Rg6 Nb8 $11 (61... g2+ {mates} 62. Kf2 d5 63. Rxa6 g1=Q+ 64. Ke2 Qg2+ 65. Ke1 Qg3+ 66. Ke2 Kg2 67. Rg6 Qxg6 68. b8=Q Qe4+ 69. Kd1 h2 70. Qb2+ Kg3 71. Qb8+ Qf4 72. Qh8 Qf3+ 73. Kc2 h1=Q 74. Qe5+ Kf2 75. Qd4+ Qe3 76. Qf6+ Qhf3 77. Qb2 Qd3+ 78. Kc1+ Kf1 79. Qd2 Qa3+ 80. Qb2 Qfc3+ 81. Kd1 Qa4+ 82. Qc2 Qcxc2#) 62. Rg8 d5 63. Rxb8 g2+ 64. Ke2 g1=Q 65. Rc8 Qg4+ 66. Kd3 Qe4+ 67. Kc3 d4+ 0-1

[Event "Continental-ch Women America 2017"]
[Site "Villa Martelli"]
[Date "2017.09.14"]
[Round "9"]
[White "Vazquez Maccarini, Danitza"]
[Black "Arribas Robaina, Maritza"]
[Result "1/2-1/2"]
[ECO "C03"]
[WhiteElo "2173"]
[BlackElo "2273"]
[Annotator "RC"]
[PlyCount "33"]
[EventDate "2017.??.??"]
[EventType "swiss"]
[EventCountry "ARG"]
[SourceTitle "playchess.com"]
[Source "ChessBase"]
[SourceQuality "1"]
[TimeControl "40/5400+30:1800+30"]

1. e4 e6 2. d4 d5 3. Nd2 Ne7 4. Bd3 g6 5. Ne2 Bg7 6. e5 c5 7. c3 Nec6 8. O-O O-O 9. Nf3 Nd7 10. Nf4 cxd4 11. cxd4 Qb6 12. Bc2 Ne7 13. Re1 Re8 14. Ba4 Nc6 15. Rb1 Nf8 16. b4 Bd7 17. Be3 1/2-1/2

[Event "Continental-ch Women America 2017"]
[Site "Villa Martelli"]
[Date "2017.09.14"]
[Round "9"]
[White "Cordero, Daniela"]
[Black "Besso, Guadalupe"]
[Result "0-1"]
[ECO "A48"]
[WhiteElo "2005"]
[BlackElo "1994"]
[Annotator "NA RC"]
[PlyCount "146"]
[EventDate "2017.??.??"]
[EventType "swiss"]
[EventCountry "ARG"]
[SourceTitle "playchess.com"]
[Source "ChessBase"]
[SourceQuality "1"]
[TimeControl "40/5400+30:1800+30"]

1. d4 Nf6 2. Nf3 g6 3. c4 Bg7 4. g3 O-O 5. Bg2 d6 6. O-O Nc6 7. d5 Na5 8. Nfd2 c5 9. a3 b6 10. b4 {[%emt 0:02:03] E60: King's Indian: Unusual lines and Fianchetto Variation without Nc3} Nb7 {[%emt 0:01:42] LiveBook: 14 Partien} 11. Bb2 a6 $146 ({Find the theoretical novelty and annotate with similar games:} 11... Qc7 12. Nc3 e5 13. dxe6 Bxe6 14. Rc1 Rad8 15. Qb3 Qe7 16. Rfd1 a6 17. Nde4 b5 18. Nxf6+ Bxf6 {1-0 (54) Maiorov,N (2531)-Deslandes,P (2356) Avoine 2017}) 12. Nc3 Bd7 13. h3 b5 14. cxb5 axb5 15. Rc1 Qb6 16. e4 (16. e3 $11) 16... Rfc8 17. Qb3 h5 18. Kh1 h4 19. g4 Bh6 20. Rcd1 c4 $2 (20... cxb4 $1 $15 {keeps the upper hand.} 21. axb4 g5) 21. Qc2 Bf4 22. Ne2 (22. Nf3 $18) 22... Be5 23. Bxe5 dxe5 {[%emt 0:00:05] [#]} 24. Qc3 $1 Qa7 25. Nb1 ({Much less strong is} 25. Qxe5 Qb6) 25... Re8 26. Qxe5 Qb6 27. Qg5 e5 28. Qxh4 (28. dxe6 $18 Qxe6 29. Qxh4) 28... Kg7 29. Qg3 Nd6 30. Nec3 Re7 (30... g5 $16 31. Kg1 Bc8) 31. Kg1 Rae8 (31... g5 $16 32. Rd2 Qa7) 32. Rfe1 Bc8 33. Re3 g5 34. Bf3 (34. Qf3 $18) 34... Rh8 35. Kf1 Rh4 36. Rd2 Re8 37. Bg2 Bd7 38. Re1 Qa7 (38... Nh7 $16 {might work better.} 39. Rc2 f6) 39. Qe3 (39. Ra2 $18 {and White stays clearly on top.}) 39... Qxe3 40. Rxe3 ({But not} 40. fxe3 Reh8 $11) 40... Ra8 41. Ne2 Rhh8 42. Ng3 Ra7 43. Ke2 Ra6 44. Kd1 Rc8 45. Kc2 Ra7 46. Rc3 Rh8 47. Re2 Rh7 48. Nd2 Nfe8 49. Ndf1 f6 50. Ne3 Kf7 51. Re1 Ng7 52. Ra1 Rh8 53. Kb2 Rha8 54. Bf3 Rh8 55. Rh1 Ke7 56. Nh5 Nxh5 57. gxh5 Be8 58. h4 gxh4 59. Rxh4 Bg6 60. Rc1 Bh7 61. Rg1 Kf7 62. Rhg4 Rha8 63. Rg7+ Kf8 {[%emt 0:00:05] [#]} 64. Rxa7 $1 Rxa7 65. Rg4 Rg7 (65... Re7 {is a better defense.} 66. Bg2 Rf7) 66. Rxg7 Kxg7 {[%emt 0:00:04] [#]} 67. a4 $1 bxa4 68. Ka3 c3 69. Kxa4 Nxe4 70. Ka3 $2 (70. Bxe4 Bxe4 71. Kb3) 70... Nd2 71. Be2 Kf7 72. Nc4 $4 (72. b5 $18 Ke7 73. b6) 72... c2 73. Kb2 {[%emt 0:01:07] [#]} Nb3 $19 0-1